 Dungeon Crawl Stone Soup version 0.23-a0-448-g1c01f63178 (webtiles) character file.

175180 Multipenetrator the Cruncher (level 18, -3/208 HPs)
             Began as a Gnoll Wanderer on Oct 21, 2017.
             Was the Champion of Nemelex Xobeh.
             Slain by an anaconda (4 damage)
             ... on level 3 of the Snake Pit on Nov 20, 2018.
             The game lasted 07:07:26 (30916 turns).

Multipenetrator the Cruncher (Gnoll Wanderer)      Turns: 30916, Time: 07:07:27

Health: -3/208     AC: 24    Str: 24    XL:     18   Next: 9%
Magic:  6/33       EV: 12    Int: 13    God:    Nemelex Xobeh [******]
Gold:   940        SH:  0    Dex: 20    Spells: 12/40 levels left

rFire    + . .     SeeInvis .   b - +3 demon blade (venom)
rCold    + . .     Gourm    .   (no shield)
rNeg     . . .     Faith    +   x - +4 plate armour of the Republic {*Corrode Regen+ Slay+3 Stlth+}
rPois    +         Spirit   .   (no helmet)
rElec    +         Reflect  .   O - scarf {rC+ rF+}
rCorr    .         Harm     .   Q - +2 pair of gloves
MR       ++...                  H - +0 pair of boots
Stlth    ..........             P - amulet of faith
HPRegen  0.84/turn              J - ring of poison resistance
MPRegen  0.23/turn              R - ring "Edagi" {Wiz rElec MR+}

@: berserking, about to teleport, very slightly contaminated, constricted, very
quick
A: distributed training, fangs 1, strong nose
a: Triple Draw, Deal Four, Stack Five, Renounce Religion


You were on level 3 of the Snake Pit.
You worshipped Nemelex Xobeh.
Nemelex Xobeh was exalted by your worship.
You were not hungry.

You visited 5 branches of the dungeon, and saw 27 of its levels.
You also visited: Ice Cave and Volcano.

You collected 2955 gold pieces.
You spent 2015 gold pieces at shops.

Inventory:

Hand Weapons
 a - the +1 short sword of Cruel Justice {freeze, Str+3}
   (You found it on level 9 of the Dungeon)

   It has been specially enchanted to freeze those struck by it, causing extra
   injury to most foes and up to half again as much damage against particularly
   susceptible opponents.
   It can also slow down cold-blooded creatures.
   It affects your strength (+3).
 b - a +3 demon blade of venom (weapon)
 T - a +3 scimitar of flaming
Missiles
 L - 4 throwing nets (quivered)
Armour
 x - the +4 plate armour of the Republic (worn) {*Corrode Regen+ Slay+3 Stlth+}
   (You acquired it on level 10 of the Dungeon)

   It affects your accuracy and damage with ranged weapons and melee attacks
   (+3).
   It increases your rate of regeneration.
   It may corrode you when you take damage.
   It makes you more stealthy.
 H - a +0 pair of boots (worn)
 O - a scarf of resistance (worn)
 Q - a +2 pair of gloves (worn)
Jewellery
 h - the ring of Tomorrow {+Fly rN+ MR++ AC+4 Int-5}
   (You bought it in a shop on level 2 of the Orcish Mines)

   [ring of protection]

   It affects your AC (+4).
   It affects your intelligence (-5).
   It protects you from negative energy.
   It affects your resistance to hostile enchantments.
   It lets you fly.
 D - the ring "Nuem" {+Fly Dex+5}
   (You took it off a wight on level 10 of the Dungeon)

   [ring of flight]

   It affects your dexterity (+5).
   It lets you fly.
 J - a ring of poison resistance (left hand)
 P - an amulet of faith (around neck)
 R - the ring "Edagi" (right hand) {Wiz rElec MR+}
   (You found it on level 9 of the Dungeon)

   [ring of wizardry]

   It improves your spell success rate.
   It insulates you from electricity.
   It affects your resistance to hostile enchantments.
 Z - an uncursed ring of fire
Wands
 j - a wand of paralysis (20)
 m - a wand of polymorph (5)
 v - a wand of digging (14)
 B - a wand of disintegration (3)
 X - a wand of acid (11)
Scrolls
 c - a scroll of silence
 e - 11 scrolls of remove curse
 i - 2 scrolls of fear
 s - 13 scrolls of enchant armour
 u - 7 scrolls of immolation
 w - 10 scrolls of identify
 y - 6 scrolls of teleportation
 F - a scroll of blinking
 U - 2 scrolls of fog
 V - 2 scrolls of magic mapping
Potions
 f - 6 potions of agility
 g - a potion of heal wounds
 l - 5 potions of brilliance
 p - 3 potions of might
 q - 2 potions of resistance
 r - 3 potions of curing
 z - 9 potions of haste
 E - a potion of berserk rage
 S - 3 potions of invisibility
 Y - 3 potions of cancellation
Miscellaneous
 k - an ornate deck of summoning {drawn: 9}
 n - a legendary deck of summoning {the Rangers, left: 2}
 o - a legendary deck of summoning {drawn: 1}
 t - an ornate deck of destruction {drawn: 2}
 A - an ornate deck of escape {drawn: 3}
 C - 2 boxes of beasts
 G - an ornate deck of destruction
 I - a legendary deck of summoning {drawn: 3}
 K - a phial of floods
 M - an ornate deck of destruction {drawn: 8}
 N - a legendary deck of destruction
 W - a legendary deck of escape {drawn: 2}
Comestibles
 d - 45 rations


   Skills:
 + Level 11.7 Fighting
 + Level 11.5 Short Blades
 + Level 11.5 Long Blades
 + Level 11.5 Axes
 + Level 11.5 Maces & Flails
 + Level 11.5 Polearms
 + Level 12.9 Staves
 + Level 11.5 Slings
 + Level 12.0 Bows
 + Level 11.5 Crossbows
 + Level 11.7 Throwing
 + Level 12.2 Armour
 + Level 11.7 Dodging
 + Level 11.7 Stealth
 + Level 11.5 Shields
 + Level 11.5 Unarmed Combat
 + Level 11.5 Spellcasting
 + Level 9.8 Conjurations
 + Level 9.8 Hexes
 + Level 9.8 Charms
 + Level 9.8 Summonings
 + Level 9.8 Necromancy
 + Level 9.8 Translocations
 + Level 9.8 Transmutations
 + Level 9.8 Fire Magic
 + Level 9.8 Ice Magic
 + Level 9.8 Air Magic
 + Level 9.8 Earth Magic
 + Level 9.8 Poison Magic
 + Level 12.4 Invocations
 + Level 11.7 Evocations


You had 12 spell levels left.
You knew the following spells:

 Your Spells              Type           Power        Failure   Level  Hunger
a - Ensorcelled Hibernat  Hex/Ice        ####..       1%          2    None
b - Tukima's Dance        Hex            ####....     1%          3    #......
c - Summon Ice Beast      Ice/Summ       ####....     6%          4    ###....
d - Bolt of Cold          Conj/Ice       ####......   65%         6    ######.
e - Summon Forest         Summ/Tloc      ####......   17%         5    #####..
f - Fulminant Prism       Conj/Hex       ####......   6%          4    ###....
g - Sticky Flame          Conj/Fire      ####....     6%          4    ###....

Your spell library contained the following spells:

 Spells                   Type           Power        Failure   Level  Hunger
 Corona                   Hex            ####...      1%          1    None
 Flame Tongue             Conj/Fire      ####.        1%          1    None
 Freeze                   Ice            ####         1%          1    None
 Magic Dart               Conj           ####         1%          1    None
 Sandblast                Erth           ####..       1%          1    None
 Corpse Rot               Necr           N/A          1%          2    None
 Passwall                 Tmut/Erth      ####....     1%          2    None
 Searing Ray              Conj           ####..       1%          2    None
 Throw Flame              Conj/Fire      ####..       1%          2    None
 Throw Frost              Conj/Ice       ####..       1%          2    None
 Confuse                  Hex            ####....     1%          3    #......
 Conjure Flame            Conj/Fire      ####....     1%          3    #......
 Dazzling Spray           Conj/Hex       ####..       1%          3    #......
 Inner Flame              Hex/Fire       ####....     1%          3    #......
 Ozocubu's Armour         Chrm/Ice       ####....     1%          3    #......
 Static Discharge         Conj/Air       ####....     1%          3    #......
 Stone Arrow              Conj/Erth      ####..       1%          3    #......
 Cause Fear               Hex            ####......   6%          4    ###....
 Force Lance              Conj/Tloc      ####....     6%          4    ###....
 Ice Form                 Ice/Tmut       ####....     6%          4    ###....
 Iskenderun's Mystic Bla  Conj           ####....     6%          4    ###....
 Leda's Liquefaction      Hex/Erth       ####......   6%          4    ###....
 Petrify                  Tmut/Erth      ####....     6%          4    ###....
 Throw Icicle             Conj/Ice       ####....     6%          4    ###....
 Bolt of Magma            Conj/Fire/Erth ####......   17%         5    #####..
 Fireball                 Conj/Fire      ####......   17%         5    #####..
 Iskenderun's Battlesphe  Conj/Chrm      ####....     17%         5    #####..
 Lee's Rapid Deconstruct  Erth           ####......   17%         5    #####..
 Lightning Bolt           Conj/Air       ####......   17%         5    #####..
 Metabolic Englaciation   Hex/Ice        ####......   17%         5    #####..
 Silence                  Hex/Air        ####......   17%         5    #####..
 Venom Bolt               Conj/Pois      ####......   17%         5    #####..
 Yara's Violent Unravell  Hex/Tmut       ####......   17%         5    #####..
 Deflect Missiles         Chrm/Air       ####......   65%         6    ######.
 Freezing Cloud           Conj/Ice/Air   ####......   65%         6    ######.
 Hydra Form               Tmut           ####......   65%         6    ######.
 Iron Shot                Conj/Erth      ####......   65%         6    ######.
 Ozocubu's Refrigeration  Ice            ####......   65%         6    ######.
 Simulacrum               Ice/Necr       ####......   65%         6    ######.
 Statue Form              Tmut/Erth      ####.....    65%         6    ######.
 Orb of Destruction       Conj           ####......   99%         7    #######
 Spellforged Servitor     Conj/Summ      ####......   99%         7    #######
 Summon Hydra             Summ           ####......   99%         7    #######
 Discord                  Hex            ####......   100%        8    #######
 Ignition                 Fire           ####......   100%        8    #######
 Shatter                  Erth           ####......   100%        9    #######
 Tornado                  Air            ####......   100%        9    #######


Dungeon Overview and Level Annotations

Branches:
Dungeon (15/15)            Temple (0/1) D:4            Lair (6/6) D:9
  Swamp (0/4) Lair:2        Snake (3/4) Lair:2        Slime (0/5) Lair:6
    Orc (2/2) D:12            Elf (0/3) Orc:2        Vaults (0/5) D:14
 Depths (1/5) D:15

Altars:
Cheibriados
Dithmenos
Elyvilon
Fedhas
Kikubaaqudgha
Makhleb
Nemelex Xobeh
Okawaru
Qazlal
Trog
Uskayaw
Wu Jian
Yredelemnul
The Shining One
Beogh
Jiyva

Shops:
D:5 ?   D:10 ?   Orc:2 [*:(   Snake:1 }}=   Snake:3 (

Annotations:
D:6 brujo666's ghost, novice GnHu
Lair:6 1 runed door


Innate Abilities, Weirdness & Mutations

Your experience applies equally to all skills.
You have very sharp teeth.
Your uncanny sense of smell can sniff out nearby items.


Message History

* * * LOW HITPOINT WARNING * * *
The anaconda constricts you.
Okay, then.
The +1 short sword of Cruel Justice {freeze, Str+3} stops glowing.
Your +3 demon blade of venom begins to drip with poison!
b - a +3 demon blade of venom (weapon)
The nagaraja gestures at you while chanting.
The bolt of poison hits you! You resist.
* * * LOW HITPOINT WARNING * * *
The anaconda bites you.
* * * LOW HITPOINT WARNING * * *
x2 The anaconda constricts you.
A red film seems to cover your vision as you go berserk!
You feel yourself moving faster!
You feel mighty! The anaconda bites you.
* * * LOW HITPOINT WARNING * * *
x2 The anaconda constricts you.
Your plate armour of the Republic prevents you from hitting the anaconda.
Your bite misses the anaconda. The anaconda bites you.
You die...
Your body glows slightly and disappears.

.....##
##............
#............
#............
#.....N.....
#.........##
#..........##
.%.#
#......@...#
...##
#....@S.#?#
....#
##......#..#
....#
#########.#
....# .. ....#
#.S ..... #.#
..... .. .$.#
###


You could see a nagaraja, an anaconda and the friendly Multipenetrator's
illusion.

Vanquished Creatures
  Rupert (Lair:6)
  Agnes (Snake:1)
  An orc warlord (Orc:2)
  A frost giant (D:15)
  4 very ugly things (Depths:1)
  A stone giant (Orc:1)
  The ghost of Xoches the Pandemonic, a journeyman DsFi of Makhleb (Lair:5)
  An ettin (Depths:1)
  A fire dragon (Depths:1)
  3 ogre magi
  A great orb of eyes (Depths:1)
  7 hydras
  An ice dragon (Depths:1)
  Harold (D:9)
  A naga warrior (Snake:2)
  2 anacondas
  5 centaur warriors
  A death yak (D:12)
  15 two-headed ogres
  3 orc high priests (Orc:2)
  Nergalle (Lair:4)
  2 shock serpents
  A hell knight (Volcano)
  3 naga sharpshooters
  An iron troll (Depths:1)
  3 salamander mystics
  2 deep trolls
  2 unseen horrors
  A harpy (D:14)
  3 deep elf magi
  An orc sorcerer (Orc:2)
  Pikel (D:7)
  A wolf spider (D:14)
  A necromancer (Depths:1)
  6 orc knights (Orc:2)
  17 ugly things
  3 manticores
  13 salamanders
  4 naga magi (Snake:2)
  An ice statue (IceCv)
  2 molten gargoyles (Volcano)
  A guardian serpent (Snake:2)
  6 elephants
  18 black mambas
  3 spiny frogs
  A centaur skeleton (D:15)
  2 rime drakes (D:12)
  4 gargoyles
  A kobold demonologist (D:15)
  4 komodo dragons
  2 efreet
  7 ice devils (IceCv)
  A tengu conjurer (D:14)
  A yaktaur (Depths:1)
  10 trolls
  A hornet (D:11)
  2 polar bears
  9 blink frogs
  A hippogriff (shapeshifter) (D:14)
  2 wind drakes
  7 hippogriffs
  A spriggan (D:10)
  2 wraiths
  2 meliai zombies
  4 wyverns
  2 water elementals (Depths:1)
  8 fire bats (Volcano)
  2 shadows (D:15)
  3 basilisks
  A fire bat (shapeshifter) (D:15)
  A fire elemental (D:11)
  2 spriggan simulacra (Depths:1)
  41 yaks
  3 hungry ghosts
  A yaktaur simulacrum (Depths:1)
  5 vampire mosquitoes
  4 wargs
  9 nagas
  3 acid dragons
  An acid dragon (shapeshifter) (Depths:1)
  A hell hound (Depths:1)
  A soldier ant (D:10)
  A soldier ant (shapeshifter) (D:14)
  14 water moccasins
  14 porcupines
  A floating eye (D:14)
  24 orc warriors
  A sky beast (D:8)
  6 ice beasts
  2 black bears
  An eye of draining (Lair:1)
  A necrophage (D:13)
  3 phantoms
  A boggart (D:11)
  21 centaurs
  A tengu (D:9)
  18 ogres
  38 wolves
  11 crocodiles
  7 big kobolds
  16 bullfrogs
  An earth elemental (D:11)
  2 gnoll sergeants (D:12)
  3 scorpions
  7 killer bees
  2 electric eels (D:12)
  12 howler monkeys
  3 crimson imps
  A quasit (D:10)
  A bullfrog zombie (D:9)
  6 jellies
  6 lava snakes (Volcano)
  3 centaur zombies
  4 hounds
  8 orc priests
  A gnoll shaman (D:7)
  17 orc wizards
  5 bullfrog skeletons
  4 iguanas
  Ijyb (D:4)
  9 worker ants
  3 hound zombies
  A hound skeleton (D:4)
  5 worker ant zombies
  11 gnolls
  7 adders
  5 shadow imps
  15 white imps
  6 ufetubi
  3 oozes
  3 adder skeletons
  4 worms
  3 dart slugs
  7 leopard geckos
  68 orcs
  6 bats
  2 giant cockroaches
  9 goblins
  8 hobgoblins
  5 jackals
  22 kobolds
  2 quokkas (D:8)
  A ball python (D:1)
  6 frilled lizards
  A quokka skeleton (D:6)
  9 rats
  5 plants
795 creatures vanquished.

Vanquished Creatures (collateral kills)
  Frances (Snake:1)
  An orc warlord (Orc:1)
  A reaper (IceCv)
  4 very ugly things (Depths:1)
  A stone giant (Depths:1)
  A vampire knight (Depths:1)
  7 dire elephants
  An ettin (Depths:1)
  Josephine (Snake:1)
  2 hydras
  A naga warrior (Snake:1)
  An ice dragon (D:14)
  An anaconda (Snake:1)
  Erica (Lair:2)
  A deep troll shaman (Depths:1)
  5 death yaks (Lair:5)
  A vampire mage (Depths:1)
  3 naga sharpshooters
  A shock serpent (Snake:1)
  3 deep trolls (Depths:1)
  An orc knight (Orc:2)
  8 ugly things
  10 elephants
  A salamander (D:15)
  4 black mambas
  A guardian serpent (Snake:1)
  5 spiny frogs
  A rime drake (Lair:3)
  A komodo dragon (Lair:5)
  An efreet (Depths:1)
  A troll (D:11)
  11 blink frogs
  An ettin zombie (Depths:1)
  6 yaks
  An elf zombie (Depths:1)
  3 wraiths (Snake:1)
  A golden eye (shapeshifter) (D:14)
  A basilisk (Lair:3)
  A warg (Orc:2)
  8 nagas
  2 water moccasins
  2 porcupines
  8 orc warriors
  A hornet zombie (D:14)
  A black bear (shapeshifter) (D:14)
  2 phantoms
  An ogre (Orc:1)
  12 wolves
  A centaur (D:15)
  3 crocodiles
  A big kobold (D:10)
  A bullfrog (D:15)
  A wight (D:10)
  2 orc priests
  3 orc wizards
  2 iguanas (Lair:3)
  3 gnolls (D:4)
  2 adders
  A worm (shapeshifter) (D:9)
  A worm (D:9)
  A leopard gecko (D:3)
  19 orcs
  5 kobolds (D:10)
  A jackal skeleton (D:9)
  A fungus (Orc:2)
  2 plants (Lair:1)
184 creatures vanquished.

Vanquished Creatures (others)
  A death knight (D:11)
  A black mamba (Snake:2)
  A water elemental (D:11)
  An air elemental (D:11)
  A naga (Snake:2)
  A floating eye (D:14)
  3 orc warriors (Orc:1)
  A human (D:5)
  A wolf (Lair:4)
  A big kobold (D:12)
  A scorpion (D:11)
  2 orc priests (Orc:1)
  An orc wizard (Orc:1)
  2 gnolls (D:7)
  5 white imps (IceCv)
  2 ball lightnings
  5 orcs
  9 fulminant prisms
  22 fungi
  36 plants
  2 snaplasher vines
99 creatures vanquished.

Grand Total: 1078 creatures vanquished

Notes
Turn   | Place    | Note
-------+----------+-------------------------------------------
     0 | D:1      | Multipenetrator the Gnoll Wanderer began the quest for the
                  | Orb.
     0 | D:1      | Multipenetrator set off with: a +2 scale mail, a +0
                  | quarterstaff, a potion of lignification, a bread ration
     0 | D:1      | Reached XP level 1. HP: 17/17 MP: 2/2
   389 | D:1      | Reached XP level 2. HP: 20/23 MP: 3/3
   751 | D:1      | Reached XP level 3. HP: 24/28 MP: 4/4
  1009 | D:2      | Found a glowing golden altar of the Shining One.
  1101 | D:2      | Reached skill level 1 in Short Blades
  1101 | D:2      | Reached skill level 1 in Long Blades
  1101 | D:2      | Reached skill level 1 in Axes
  1101 | D:2      | Reached skill level 1 in Maces & Flails
  1101 | D:2      | Reached skill level 1 in Polearms
  1101 | D:2      | Reached skill level 1 in Slings
  1101 | D:2      | Reached skill level 1 in Bows
  1101 | D:2      | Reached skill level 1 in Crossbows
  1101 | D:2      | Reached skill level 1 in Shields
  1101 | D:2      | Reached skill level 1 in Unarmed Combat
  1101 | D:2      | Reached skill level 1 in Spellcasting
  1101 | D:2      | Reached skill level 1 in Invocations
  1101 | D:2      | Reached XP level 4. HP: 8/34 MP: 4/6
  1112 | D:2      | Reached skill level 1 in Conjurations
  1112 | D:2      | Reached skill level 1 in Hexes
  1112 | D:2      | Reached skill level 1 in Charms
  1112 | D:2      | Reached skill level 1 in Summonings
  1112 | D:2      | Reached skill level 1 in Necromancy
  1112 | D:2      | Reached skill level 1 in Translocations
  1112 | D:2      | Reached skill level 1 in Transmutations
  1112 | D:2      | Reached skill level 1 in Fire Magic
  1112 | D:2      | Reached skill level 1 in Ice Magic
  1112 | D:2      | Reached skill level 1 in Air Magic
  1112 | D:2      | Reached skill level 1 in Earth Magic
  1112 | D:2      | Reached skill level 1 in Poison Magic
  1334 | D:2      | Reached XP level 5. HP: 9/40 MP: 7/7
  1719 | D:2      | Found a sparkling altar of Nemelex Xobeh.
  1829 | D:2      | Became a worshipper of Nemelex Xobeh the Trickster
  1901 | D:2      | Found a faded altar of an unknown god.
  1981 | D:2      | Received a gift from Nemelex Xobeh
  2442 | D:3      | Reached * piety under Nemelex Xobeh
  2475 | D:3      | Reached XP level 6. HP: 40/47 MP: 8/8
  2534 | D:3      | Found an iron altar of Okawaru.
  2628 | D:3      | Found a sparkling altar of Nemelex Xobeh.
  2630 | D:3      | Found an iron altar of Okawaru.
  2729 | D:4      | Found a hide-covered altar of Uskayaw.
  2751 | D:4      | Found a staircase to the Ecumenical Temple.
  2838 | D:4      | Received a gift from Nemelex Xobeh
  2945 | D:4      | Noticed a phantom
  2956 | D:4      | Noticed Ijyb
  2972 | D:4      | Killed Ijyb
  2985 | D:4      | Killed a phantom
  2985 | D:4      | Reached skill level 5 in Armour
  3264 | D:4      | Reached XP level 7. HP: 38/52 MP: 10/10
  3270 | D:4      | Upgraded the game from 0.21-a0-401-g0b6bec4 to
                  | 0.22-a0-96-g7cd46d36cf
  3312 | D:4      | Found a shadowy altar of Dithmenos.
  3315 | D:4      | Found a basalt altar of Yredelemnul.
  3489 | D:5      | Entered Level 5 of the Dungeon
  3734 | D:5      | Found an ancient bone altar of Kikubaaqudgha.
  3737 | D:5      | Noticed a human
  3739 | D:5      | Killed a human
  3762 | D:5      | Reached ** piety under Nemelex Xobeh
  4078 | D:5      | Received a gift from Nemelex Xobeh
  4150 | D:5      | Found Izxiraubb's Magic Scroll Shop.
  4180 | D:5      | Bought a scroll of blinking for 97 gold pieces
  4180 | D:5      | Bought a scroll of identify for 26 gold pieces
  4180 | D:5      | Bought a scroll of identify for 26 gold pieces
  4180 | D:5      | Bought a scroll of identify for 26 gold pieces
  4180 | D:5      | Bought a scroll of teleportation for 39 gold pieces
  4246 | D:6      | Reached XP level 8. HP: 60/60 MP: 12/12
  4368 | D:6      | Noticed brujo666's ghost (novice GnHu)
  4369 | D:6      | Upgraded the game from 0.22-a0-96-g7cd46d36cf to
                  | 0.22-a0-284-g99d1f7439c
  4711 | D:7      | Found a stormy altar of Qazlal.
  4939 | D:7      | Noticed Pikel
  4951 | D:7      | Killed Pikel
  4998 | D:7      | Learned a level 2 spell: Ensorcelled Hibernation
  5108 | D:7      | Received a gift from Nemelex Xobeh
  5305 | D:7      | Noticed a moth of wrath
  5307 | D:7      | Found a bloodstained altar of Trog.
  5326 | D:7      | Reached XP level 9. HP: 63/66 MP: 14/14
  5391 | D:7      | Upgraded the game from 0.22-a0-284-g99d1f7439c to
                  | 0.22-a0-292-g0df9d5f48d
  5634 | D:7      | Received a gift from Nemelex Xobeh
  5740 | D:7      | Reached *** piety under Nemelex Xobeh
  6076 | D:8      | Reached skill level 5 in Fighting
  6076 | D:8      | Reached skill level 5 in Throwing
  6076 | D:8      | Reached skill level 5 in Dodging
  6076 | D:8      | Reached skill level 5 in Evocations
  6124 | D:8      | Reached skill level 5 in Stealth
  6389 | D:8      | Reached skill level 5 in Invocations
  6520 | D:8      | Received a gift from Nemelex Xobeh
  6772 | D:9      | Reached **** piety under Nemelex Xobeh
  6780 | D:9      | Got an ancient short sword
  6781 | D:9      | Identified the +1 short sword of Cruel Justice {freeze,
                  | Str+3} (You found it on level 9 of the Dungeon)
  6854 | D:9      | Noticed a brown ugly thing
  6861 | D:9      | Killed a brown ugly thing
  6861 | D:9      | Reached XP level 10. HP: 54/74 MP: 15/17
  6938 | D:9      | Got a scorched golden ring
  6943 | D:9      | Identified the ring "Edagi" {Wiz rElec MR+} (You found it
                  | on level 9 of the Dungeon)
  7037 | D:9      | Received a gift from Nemelex Xobeh
  7044 | D:9      | Found a staircase to the Lair.
  7082 | D:9      | Reached skill level 5 in Short Blades
  7082 | D:9      | Reached skill level 5 in Long Blades
  7082 | D:9      | Reached skill level 5 in Axes
  7082 | D:9      | Reached skill level 5 in Maces & Flails
  7082 | D:9      | Reached skill level 5 in Polearms
  7082 | D:9      | Reached skill level 5 in Slings
  7082 | D:9      | Reached skill level 5 in Bows
  7082 | D:9      | Reached skill level 5 in Crossbows
  7082 | D:9      | Reached skill level 5 in Shields
  7082 | D:9      | Reached skill level 5 in Unarmed Combat
  7082 | D:9      | Reached skill level 5 in Spellcasting
  7839 | D:10     | Entered Level 10 of the Dungeon
  7839 | D:10     | Noticed Harold
  7839 | D:10     | Noticed a gargoyle
  7848 | D:9      | Killed Harold
  7888 | Lair:1   | Entered Level 1 of the Lair of Beasts
  7913 | Lair:1   | Received a gift from Nemelex Xobeh
  7975 | Lair:1   | Noticed a spiny frog
  7977 | Lair:1   | Noticed a four-headed hydra
  7982 | Lair:1   | Killed a spiny frog
  8004 | Lair:1   | Killed a four-headed hydra
  8140 | Lair:1   | Noticed a spiny frog
  8153 | Lair:1   | Killed a spiny frog
  8358 | Lair:1   | Reached XP level 11. HP: 32/82 MP: 19/19
  8872 | Lair:1   | Reached skill level 5 in Conjurations
  8872 | Lair:1   | Reached skill level 5 in Hexes
  8872 | Lair:1   | Reached skill level 5 in Charms
  8872 | Lair:1   | Reached skill level 5 in Summonings
  8872 | Lair:1   | Reached skill level 5 in Necromancy
  8872 | Lair:1   | Reached skill level 5 in Translocations
  8872 | Lair:1   | Reached skill level 5 in Transmutations
  8872 | Lair:1   | Reached skill level 5 in Fire Magic
  8872 | Lair:1   | Reached skill level 5 in Ice Magic
  8872 | Lair:1   | Reached skill level 5 in Air Magic
  8872 | Lair:1   | Reached skill level 5 in Earth Magic
  8872 | Lair:1   | Reached skill level 5 in Poison Magic
  9838 | Lair:2   | Noticed Erica
  9865 | Lair:2   | Killed Erica
  9917 | Lair:2   | Found a staircase to the Snake Pit.
 10030 | Lair:2   | Noticed an eight-headed hydra
 10045 | Lair:2   | Killed an eight-headed hydra
 10436 | Lair:2   | Found a staircase to the Swamp.
 10538 | Lair:2   | Reached ***** piety under Nemelex Xobeh
 10590 | Lair:2   | Reached XP level 12. HP: 56/91 MP: 22/22
 10829 | Lair:3   | Received a gift from Nemelex Xobeh
 10923 | Lair:3   | Noticed a six-headed hydra
 10923 | Lair:3   | Noticed a great orb of eyes
 10923 | Lair:3   | a six-headed hydra changed into a great orb of eyes
 10924 | Lair:3   | a great orb of eyes changed into a hippogriff
 11719 | Lair:3   | Received a gift from Nemelex Xobeh
 11883 | Lair:4   | Noticed Nergalle
 11906 | Lair:4   | Killed Nergalle
 12861 | Lair:4   | Upgraded the game from 0.22-a0-456-g11ed031617 to
                  | 0.23-a0-422-g30b1108d6a
 13275 | Lair:3   | Learned a level 3 spell: Tukima's Dance
 13327 | Lair:4   | Reached skill level 10 in Staves
 13347 | Lair:4   | Received a gift from Nemelex Xobeh
 13683 | Lair:5   | Received a gift from Nemelex Xobeh
 14123 | Lair:5   | Reached XP level 13. HP: 98/98 MP: 24/24
 14197 | Lair:5   | Learned a level 4 spell: Summon Ice Beast
 14496 | Lair:5   | Learned a level 6 spell: Bolt of Cold
 14640 | Lair:5   | Noticed Xoches's ghost (journeyman DsFi)
 14687 | Lair:5   | Found a runed gate.
 14688 | Lair:5   | Found a runed gate.
 14689 | Lair:5   | Found a runed gate.
 14730 | Lair:5   | Learned a level 6 spell: Freezing Cloud
 14752 | Lair:5   | Reached ****** piety under Nemelex Xobeh
 14758 | Lair:5   | Received a gift from Nemelex Xobeh
 14910 | Lair:5   | Learned a level 4 spell: Fulminant Prism
 14946 | Lair:5   | Killed Xoches's ghost
 15210 | Lair:6   | Entered Level 6 of the Lair of Beasts
 15210 | Lair:6   | Noticed Rupert
 15225 | Lair:6   | Killed Rupert
 15648 | Lair:6   | Identified the +3 demon trident of Boubyuda {freeze, rC+}
 15686 | Lair:6   | Received a gift from Nemelex Xobeh
 15736 | Lair:6   | Found a runed door.
 15736 | Lair:6   | Found a viscous altar of Jiyva.
 15736 | Lair:6   | Noticed an azure jelly
 15736 | Lair:6   | Noticed an azure jelly
 15737 | Lair:6   | Found a staircase to the Slime Pits.
 16486 | Lair:6   | Received a gift from Nemelex Xobeh
 16789 | Lair:6   | Noticed a dire elephant
 16789 | Lair:6   | Noticed a dire elephant
 16796 | Lair:6   | Noticed a dire elephant
 16797 | Lair:6   | Killed a dire elephant
 16798 | Lair:6   | Killed a dire elephant
 16805 | Lair:6   | Killed a dire elephant
 16857 | Lair:6   | Learned a level 5 spell: Summon Forest
 16920 | Lair:6   | Noticed a dire elephant
 16936 | Lair:6   | Killed a dire elephant
 16962 | Lair:6   | Noticed a dire elephant
 16965 | Lair:6   | Noticed a dire elephant
 17000 | Lair:6   | Killed a dire elephant
 17000 | Lair:6   | Reached XP level 14. HP: 35/108 MP: 13/26
 17027 | Lair:6   | Killed a dire elephant
 18036 | D:10     | Found a blossoming altar of Fedhas.
 18204 | D:10     | Found Qodihoe's Magic Scroll Emporium.
 18233 | D:10     | Identified the ring "Nuem" {+Fly Dex+5}
 18253 | D:10     | Bought a scroll of blinking for 105 gold pieces
 18253 | D:10     | Bought a scroll of acquirement for 728 gold pieces
 18253 | D:10     | Bought a scroll of identify for 28 gold pieces
 18264 | D:10     | Got a fine plate armour
 18275 | D:10     | Identified the +4 plate armour of the Republic {*Corrode
                  | Regen+ Slay+3 Stlth+} (You acquired it on level 10 of the
                  | Dungeon)
 18359 | D:10     | Received a gift from Nemelex Xobeh
 18413 | D:10     | Found a white marble altar of Elyvilon.
 18517 | D:10     | Reached skill level 10 in Armour
 18897 | D:11     | Received a gift from Nemelex Xobeh
 19210 | D:11     | Found a burning altar of Makhleb.
 19213 | D:11     | Received a gift from Nemelex Xobeh
 19636 | D:11     | Reached skill level 10 in Bows
 19636 | D:11     | Reached skill level 10 in Invocations
 19636 | D:11     | Reached XP level 15. HP: 76/115 MP: 28/28
 19832 | D:11     | Learned a level 4 spell: Sticky Flame
 19919 | D:11     | Found a shadowy altar of Dithmenos.
 19930 | D:11     | Found a large runed door.
 19931 | D:11     | Found a large runed door.
 20063 | D:12     | Received a gift from Nemelex Xobeh
 20220 | D:12     | Found a frozen archway.
 20240 | IceCv    | Entered an ice cave
 20408 | IceCv    | Received a gift from Nemelex Xobeh
 21050 | IceCv    | Got a bound ivory amulet
 21148 | D:12     | Found a staircase to the Orcish Mines.
 21174 | D:12     | Reached skill level 10 in Fighting
 21174 | D:12     | Reached skill level 10 in Throwing
 21174 | D:12     | Reached skill level 10 in Dodging
 21174 | D:12     | Reached skill level 10 in Evocations
 21288 | Orc:1    | Entered Level 1 of the Orcish Mines
 21288 | Orc:1    | Noticed an orc warlord
 21289 | Orc:1    | Identified the +0 long sword of Reumicej {slice, rC+ MR-
                  | Str+4}
 21309 | Orc:1    | Killed an orc warlord
 21309 | Orc:1    | Reached skill level 10 in Stealth
 21589 | Orc:2    | Entered Level 2 of the Orcish Mines
 21607 | Orc:2    | Found a staircase to the Elven Halls.
 21654 | Orc:2    | Noticed an orc warlord
 21703 | Orc:2    | Found a dark tunnel.
 21741 | Volcano  | Entered a volcano
 21931 | Volcano  | Found a burning altar of Makhleb.
 21950 | Volcano  | Reached XP level 16. HP: 71/122 MP: 29/29
 22179 | Orc:2    | Identified the amulet "Woatil" {Spirit rPois Str-2 Int+4
                  | Dex+2} (You found it in an ice cave)
 22265 | Orc:2    | Reached skill level 10 in Short Blades
 22265 | Orc:2    | Reached skill level 10 in Long Blades
 22265 | Orc:2    | Reached skill level 10 in Axes
 22265 | Orc:2    | Reached skill level 10 in Maces & Flails
 22265 | Orc:2    | Reached skill level 10 in Polearms
 22265 | Orc:2    | Reached skill level 10 in Slings
 22265 | Orc:2    | Reached skill level 10 in Crossbows
 22265 | Orc:2    | Reached skill level 10 in Shields
 22265 | Orc:2    | Reached skill level 10 in Unarmed Combat
 22265 | Orc:2    | Reached skill level 10 in Spellcasting
 22384 | Orc:2    | Received a gift from Nemelex Xobeh
 22386 | Orc:2    | Found a roughly hewn altar of Beogh.
 22408 | Orc:2    | Found Qagg's Antique Weapon Emporium.
 22433 | Orc:2    | Found Lufakkeyrgh's Book Boutique.
 22544 | Orc:2    | Found Coseso Rihu's General Store.
 22884 | Orc:2    | Found Latiatell's Antique Armour Boutique.
 22884 | Orc:2    | Received a gift from Nemelex Xobeh
 23484 | Orc:2    | Bought a transparent robe for 210 gold pieces
 23499 | Orc:2    | Bought a scroll of remove curse for 42 gold pieces
 23499 | Orc:2    | Bought a scroll of identify for 28 gold pieces
 23509 | Orc:2    | Identified the cursed +1 robe of Weightlessness {-Tele
                  | Str+8 Dex-4 Stlth+} (You bought it in a shop on level 2 of
                  | the Orcish Mines)
 23521 | Orc:2    | Bought the ring of Tomorrow {+Fly rN+ MR++ AC+4 Int-5} for
                  | 660 gold pieces
 24081 | D:13     | Received a gift from Nemelex Xobeh
 24841 | D:14     | Received a gift from Nemelex Xobeh
 24940 | D:14     | Found a gate to the Vaults.
 25175 | D:14     | Paralysed by a floating eye for 2 turns
 25373 | D:14     | Identified the +5 executioner's axe "Dewnan" {elec, rF+
                  | Str-4 SInv}
 25419 | D:14     | Received a gift from Nemelex Xobeh
 25681 | D:15     | Entered Level 15 of the Dungeon
 25771 | D:15     | Identified the amulet "Yraxuuwkut" {+Rage rElec rN+ MR-
                  | Str+7} (You found it on level 15 of the Dungeon)
 26028 | D:15     | Received a gift from Nemelex Xobeh
 26106 | D:15     | Reached XP level 17. HP: 64/131 MP: 31/31
 26107 | D:15     | Found a staircase to the Depths.
 26563 | D:15     | Received a gift from Nemelex Xobeh
 26796 | Depths:1 | Entered Level 1 of the Depths
 27534 | Depths:1 | Received a gift from Nemelex Xobeh
 27775 | Depths:1 | Found a snail-covered altar of Cheibriados.
 28679 | Snake:1  | Entered Level 1 of the Snake Pit
 28734 | Snake:1  | Noticed Josephine
 28741 | Snake:1  | Killed Josephine
 28754 | Snake:1  | Found an ornate altar of the Wu Jian Council.
 28990 | Snake:1  | Noticed Frances
 28993 | Snake:1  | Identified the +4 executioner's axe "Ugef" {chop, Str+2}
 28999 | Snake:1  | Killed Frances
 29017 | Snake:1  | Noticed Agnes
 29030 | Snake:1  | Killed Agnes
 29313 | Snake:1  | Received a gift from Nemelex Xobeh
 29423 | Snake:1  | Found Vynna's Jewellery Boutique.
 29423 | Snake:1  | Found Fooh's Gadget Emporium.
 29424 | Snake:1  | Found Najogi's Gadget Emporium.
 30254 | Snake:2  | Received a gift from Nemelex Xobeh
 30325 | Snake:2  | Reached XP level 18. HP: 113/139 MP: 33/33
 30505 | Snake:2  | Upgraded the game from 0.23-a0-422-g30b1108d6a to
                  | 0.23-a0-447-g7b583b2f2c
 30753 | Snake:2  | Received a gift from Nemelex Xobeh
 30777 | Snake:3  | Found Acriupse's Antique Weapon Shoppe.
 30885 | Snake:3  | Upgraded the game from 0.23-a0-447-g7b583b2f2c to
                  | 0.23-a0-448-g1c01f63178
 30896 | Snake:3  | Identified the +1 long sword of Kanlumyph {chaos, rF- Str+8
                  | Int+5}
 30915 | Snake:3  | HP: 5/208 [anaconda (6)]
 30915 | Snake:3  | HP: 1/208 [anaconda (4)]
 30916 | Snake:3  | Slain by an anaconda

Vault maps used:
D:1:      matt_arrival_grand_opening
D:2:      cheibrodos_pilgrimage, marbit_many_paths,
          chequers_ecumenical_altar_simple_redux, small_statue_intersection,
          nemelex_dance_club_becter
D:3:      chequers_temple_overflow_statue_of_worship, okawaru_metal_pillars_1_2
D:4:      nicolae_overflow_hidden_temple, minmay_temple_entry_butterflies,
          first_bread, uniq_ijyb
D:5:      serial_shops, shop_statue, tgw_kikubaaqudgha
D:7:      corexii_shantytown, tgw_trog, serial_corexii_hall,
          corexii_hall_statues_t, corexii_hall_statues_deadend, basic_altar,
          uniq_pikel
D:9:      lair_entry_dummy
D:10:     cheibrodos_ideogram_h, serial_glass, glass_columns_a, glass_columns_b,
          glass_columns_a, glass_columns_b, glass_columns_b, glass_columns_c,
          serial_shops, shop, basic_altar, the_bakery, elyvilon_altar_1,
          uniq_harold
D:11:     minmay_the_grid_octo_tiled_octocenter_mashed, basic_altar,
          lightli_elemental_guards
D:12:     kennysheep_orc_monster_closet_entryway, serial_ice, serial_ice_h,
          serial_ice_d, serial_ice_j, serial_ice_o, serial_ice_f, serial_ice_m,
          portal_ice_cave_rime
D:14:     david_vaults_4, dk_noncrumbling_3, onia_ninara_cookie
D:15:     hangedman_depths_entry_try_elsewhere_first
Lair:1:   serial_bayou_lagoon_a
Lair:2:   swamp_mist_pool, minmay_snake_entry_guardpost_small, uniq_nergalle,
          uniq_erica
Lair:3:   beast_lair_carwin_large_1, serial_bayou_crossing,
          serial_bayou_shore_b, lemuel_fruit_tree, infiniplex_staircase_pool_2
Lair:4:   grunt_forest_large_clearings
Lair:5:   gammafunk_ghost_split, serial_bayou_pond_b,
          chequers_serial_rivers_large_b, minivault_11
Lair:6:   due_jungle_book, slime_altar_2, grunt_megastairs_5, uniq_rupert
Snake:1:  basic_altar, minmay_shop_grove, uniq_frances, uniq_josephine,
          uniq_agnes
Snake:2:  chequers_hall_statues_corner_a, grunt_ministairs_6
Snake:3:  serial_shops, nicolae_shop_trees, minmay_shop_star
Orc:2:    grunt_orc_gardens, grunt_orc_garden, grunt_orc_garden,
          grunt_orc_garden, grunt_orc_garden, basic_altar,
          nicolae_volcano_entry_s_turn
Depths:1: grunt_hell_horde, serial_bayou_pond_d, kennysheep_nub,
          cheibriados_altar_1
IceCv:    ice_cave_small_demon
Volcano:  volcano_grotto

Skill      XL: |  1  2  3  4  5  6  7  8  9 10 11 12 13 14 15 16 17 |
---------------+----------------------------------------------------+-----
Short Blades   | 1 2 3 4 5 6 7 8 9 10 11 | 11.5
Long Blades    | 1 2 3 4 5 6 7 8 9 10 11 | 11.5
Axes           | 1 2 3 4 5 6 7 8 9 10 11 | 11.5
Maces & Flails | 1 2 3 4 5 6 7 8 9 10 11 | 11.5
Polearms       | 1 2 3 4 5 6 7 8 9 10 11 | 11.5
Slings         | 1 2 3 4 5 6 7 8 9 10 11 | 11.5
Bows           | 1 2 3 4 5 6 7 9 10 11 12 | 12.0
Crossbows      | 1 2 3 4 5 6 7 8 9 10 11 | 11.5
Shields        | 1 2 3 4 5 6 7 8 9 10 11 | 11.5
Unarmed Combat | 1 2 3 4 5 6 7 8 9 10 11 | 11.5
Spellcasting   | 1 2 3 4 5 6 7 8 9 10 11 | 11.5
Invocations    | 1 2 3 4 5 6 7 8 9 10 11 12 | 12.4
Conjurations   | 1 2 3 4 5 6 7 8 9 |  9.8
Hexes          | 1 2 3 4 5 6 7 8 9 |  9.8
Charms         | 1 2 3 4 5 6 7 8 9 |  9.8
Summonings     | 1 2 3 4 5 6 7 8 9 |  9.8
Necromancy     | 1 2 3 4 5 6 7 8 9 |  9.8
Translocations | 1 2 3 4 5 6 7 8 9 |  9.8
Transmutations | 1 2 3 4 5 6 7 8 9 |  9.8
Fire Magic     | 1 2 3 4 5 6 7 8 9 |  9.8
Ice Magic      | 1 2 3 4 5 6 7 8 9 |  9.8
Air Magic      | 1 2 3 4 5 6 7 8 9 |  9.8
Earth Magic    | 1 2 3 4 5 6 7 8 9 |  9.8
Poison Magic   | 1 2 3 4 5 6 7 8 9 |  9.8
Fighting       | 3 4 5 6 7 8 9 10 11 | 11.7
Throwing       | 3 4 5 6 7 8 9 10 11 | 11.7
Dodging        | 3 4 5 6 7 8 9 10 11 | 11.7
Evocations     | 3 4 5 6 7 8 9 10 11 | 11.7
Stealth        | 3 4 5 6 7 8 9 10 11 | 11.7
Armour         | 5 6 7 8 9 10 11 12 | 12.2
Staves         | 7 8 9 10 11 12 | 12.9

Action                   |  1- 3 |  4- 6 |  7- 9 | 10-12 | 13-15 | 16-18 || total
-------------------------+-------+-------+-------+-------+-------+-------++-------
Melee: Quarterstaff      |    36 |       |       |       |       |       ||    36
       Bite              |     7 |    21 |    75 |    70 |   161 |   274 ||   608
       Short sword       |    52 |   149 |   267 |       |    40 |    59 ||   567
       Punch             |       |     2 |    11 |    25 |    47 |    75 ||   160
       Dagger            |       |       |    75 |    61 |     4 |       ||   140
       Scimitar          |       |       |   113 |   401 |   589 |    53 ||  1156
       Demon blade       |       |       |       |       |   197 |   932 ||  1129
       Battleaxe         |       |       |       |       |       |    15 ||    15
       Unarmed           |       |       |       |       |       |     1 ||     1
 Cast: Ensorcelled Hiber |       |       |       |     1 |    51 |    92 ||   144
       Summon Ice Beast  |       |       |       |       |    43 |     6 ||    49
       Fulminant Prism   |       |       |       |       |     9 |       ||     9
       Summon Forest     |       |       |       |       |     6 |     1 ||     7
       Sticky Flame      |       |       |       |       |       |     1 ||     1
Invok: Triple Draw       |       |       |       |     1 |     1 |       ||     2
       Stack Five        |       |       |       |       |     3 |     1 ||     4
       Deal Four         |       |       |       |       |       |     2 ||     2
 Abil: Evoke Flight      |       |       |       |       |     3 |     2 ||     5
       Stop Flying       |       |       |       |       |     1 |       ||     1
Evoke: Deck              |       |     7 |    27 |    51 |    34 |    43 ||   162
       Wand              |       |       |     3 |    22 |    26 |    26 ||    77
       Phial of floods   |       |       |       |       |     2 |       ||     2
       Box of beasts     |       |       |       |       |     1 |     2 ||     3
  Use: Potion            |       |     1 |     1 |     7 |     7 |     5 ||    21
       Scroll            |       |       |    13 |    10 |    15 |    15 ||    53
 Stab: Confused          |       |       |     2 |       |       |       ||     2
       Sleeping          |       |       |    14 |    11 |    25 |    32 ||    82
       Distracted        |       |       |       |     6 |     7 |     9 ||    22
       Paralysed         |       |       |       |     2 |       |     2 ||     4
       Petrified         |       |       |       |       |     1 |    13 ||    14
       Petrifying        |       |       |       |       |     1 |     2 ||     3
       Fleeing           |       |       |       |       |       |     2 ||     2
  Eat: Chunk             |       |     7 |    16 |    24 |    14 |    20 ||    81
       Ration            |       |       |       |       |     7 |     4 ||    11
Armor: Scale mail        |    37 |    59 |    77 |       |       |       ||   173
       Skin              |       |    10 |       |       |       |       ||    10
       Robe              |       |       |    26 |    70 |    48 |       ||   144
       Plate armour      |       |       |       |       |   384 |   607 ||   991
       Crystal plate arm |       |       |       |       |     2 |       ||     2
Dodge: Dodged            |    40 |    60 |   290 |   545 |   545 |   609 ||  2089
       Rpst.: Scimitar   |       |       |    30 |   156 |    89 |     7 ||   282
       Demon blade       |       |       |       |       |    30 |   124 ||   154

Table legend:
 A = Non-vault XP
 B = Vault XP
 C = Vault XP percentage of total XP
 D = Non-vault monster count
 E = Vault monster count
 F = Vault count percentage of total count
                 A         B        C        D         E       F
            +---------+---------+-------+---------+---------+-------
      Total |  154193 |   58872 |  27.6 |     766 |     224 |  22.6
            +---------+---------+-------+---------+---------+-------
        D:1 |      38 |       0 |   0.0 |      21 |       0 |   0.0
        D:2 |     192 |       0 |   0.0 |      29 |       0 |   0.0
        D:3 |      93 |       0 |   0.0 |      15 |       0 |   0.0
        D:4 |     294 |       0 |   0.0 |      11 |       0 |   0.0
        D:5 |     487 |       0 |   0.0 |      26 |       0 |   0.0
        D:6 |     411 |       0 |   0.0 |       9 |       0 |   0.0
        D:7 |    1579 |       0 |   0.0 |      57 |       0 |   0.0
        D:8 |    1395 |       0 |   0.0 |      21 |       0 |   0.0
        D:9 |    2473 |       0 |   0.0 |      29 |       0 |   0.0
       D:10 |    3565 |    4649 |  56.6 |      33 |      25 |  43.1
       D:11 |    2590 |    5575 |  68.3 |      35 |      28 |  44.4
       D:12 |    3612 |    4302 |  54.4 |      22 |      32 |  59.3
       D:13 |    5120 |       0 |   0.0 |      20 |       0 |   0.0
       D:14 |   10669 |    6230 |  36.9 |      36 |      20 |  35.7
       D:15 |   10323 |    2981 |  22.4 |      33 |       4 |  10.8
     Lair:1 |    4877 |       0 |   0.0 |      27 |       0 |   0.0
     Lair:2 |    6693 |       0 |   0.0 |      28 |       0 |   0.0
     Lair:3 |    5662 |     111 |   1.9 |      32 |       1 |   3.0
     Lair:4 |    4379 |    1033 |  19.1 |      25 |      10 |  28.6
     Lair:5 |    7532 |    1859 |  19.8 |      34 |       6 |  15.0
     Lair:6 |   10187 |    5934 |  36.8 |      36 |      10 |  21.7
    Snake:1 |    6597 |    5313 |  44.6 |      19 |       8 |  29.6
    Snake:2 |   16703 |     511 |   3.0 |      35 |       2 |   5.4
    Snake:3 |    2404 |       0 |   0.0 |       6 |       0 |   0.0
      Orc:1 |    8320 |       0 |   0.0 |      46 |       0 |   0.0
      Orc:2 |    7978 |    9939 |  55.5 |      35 |      27 |  43.5
   Depths:1 |   30020 |     318 |   1.0 |      46 |       2 |   4.2
      IceCv |       0 |    3736 | 100.0 |       0 |      27 | 100.0
    Volcano |       0 |    6381 | 100.0 |       0 |      22 | 100.0
            +---------+---------+-------+---------+---------+-------
